Map: Ultralove

Players

Mabadi - Winner!

  • Race: Terran Terran
  • League: Grandmaster
  • Spawn Location: 1:00

A.I. 1 (Very Easy)

  • Race: Terran Terran
  • Spawn Location: 7:00

VOD

Have the link to the VOD?

Description

Time

  • Played on: Aug. 23, 2025, 12:43 p.m.
  • Length: 11:27
Show
View Real Time Build Order
Export as new Build Order

Mabadi Terran - Winner!

Build Orders: Cyclone Opening 

Get SALT Encoding   

  12  0:00  SCV  
  13  0:12  SCV  
  14  0:17  Supply Depot  
  14  0:24  SCV  
  15  0:38  SCV  
  15  0:40  Barracks  
  16  0:43  Refinery  
  16  0:50  SCV  
  16  0:53  Refinery  
  17  1:02  SCV  
  18  1:14  SCV  
  19  1:27  Orbital Command, Supply Depot, Reaper  
  20  1:42  Factory  
  20  1:53  SCV  
  21  2:00  Barracks Reactor  
  21  2:05  SCV  
  22  2:17  SCV  
  23  2:27  Factory Tech Lab  
  23  2:29  SCV, Command Center  
  24  2:36  Marine x2  
  26  2:41  SCV  
  27  2:48  Cyclone  
  30  2:54  Marine  
  31  2:58  Supply Depot  
  31  3:05  Starport  
  31  3:23  Marine x2, Siege Tank  
  31  3:24  SCV  
  37  3:36  SCV  
  38  3:41  Orbital Command  
  38  3:43  Marine x2  
  38  3:44  Viking  
  42  3:49  SCV  
  42  3:55  Refinery, Siege Tank  
  46  3:59  Orbital Command  
  46  4:02  Marine x2  
  48  4:04  SCV  
  49  4:16  SCV  
  50  4:19  Starport Tech Lab  
  50  4:21  Marine x2  
  52  4:25  SCV  
  52  4:28  SCV  
  54  4:32  Supply Depot  
  54  4:49  Command Center  
  54  4:54  Raven, Marine x2, SCV, Siege Tank  
  62  5:00  Supply Depot  
  62  5:04  Supply Depot  
  62  5:20  Barracks  
  62  5:21  SCV x2, Barracks  
  62  5:27  Supply Depot  
  66  5:33  SCV  
  65  5:36  SCV  
  65  5:38  Siege Tank  
  69  5:45  Viking x2, SCV  
  74  5:50  Supply Depot, SCV  
  74  5:53  Stimpack  
  74  5:56  Marine  
  76  5:58  SCV  
  76  6:02  SCV  
  76  6:04  Orbital Command  
  78  6:07  Barracks Reactor x2  
  78  6:10  SCV  
  79  6:14  SCV  
  79  6:16  Viking  
  82  6:19  Viking  
  82  6:22  SCV  
  85  6:26  Marine, SCV  
  85  6:29  Refinery  
  85  6:31  Supply Depot  
  88  6:35  Siege Tank  
  88  6:37  SCV  
  88  6:38  Orbital Command  
  88  6:39  SCV  
  92  6:43  Marine  
  92  6:44  Marine x3  
  92  6:45  Marine  
  97  6:51  Viking x2  
  97  6:53  SCV x2  
  103  7:05  SCV x2  
  103  7:07  Marine x5  
  103  7:08  Engineering Bay x2  
  110  7:10  Siege Tank  
  113  7:15  SCV  
  113  7:17  SCV  
  113  7:18  SCV  
  116  7:24  Supply Depot  
  116  7:29  Supply Depot  
  116  7:30  SCV  
  117  7:40  Terran Infantry Weapons Level 1, Terran Infantry Armor Level 1  
  117  7:43  Supply Depot  
  117  7:45  Viking x2, Marine x2, SCV x2  
  117  7:51  Marine x3, SCV  
  129  7:57  SCV x2  
  131  8:01  Command Center  
  131  8:03  SCV  
  132  8:11  SCV x2  
  132  8:12  Refinery  
  134  8:18  Missile Turret  
  134  8:20  Missile Turret  
  134  8:22  Siege Tank  
  134  8:24  Marine x3  
  134  8:25  Missile Turret x2, Marine  
  134  8:26  Missile Turret, Supply Depot  
  141  8:31  SCV x3  
  145  8:41  Marine  
  145  8:43  Medivac, SCV x2  
  145  8:44  Medivac, Combat Shield  
  145  8:45  Marine  
  145  8:46  Marine x3  
  155  8:48  SCV  
  156  8:56  SCV  
  156  8:58  Siege Tank  
  156  8:59  Marine  
  156  9:02  Factory, SCV x2  
  163  9:04  Barracks x2  
  163  9:08  Refinery, Marine, SCV  
  165  9:13  Medivac, Marine x3, Armory  
  165  9:15  Supply Depot x2  
  170  9:18  Marine  
  173  9:25  Medivac  
  173  9:26  SCV x3  
  176  9:31  Marine x2  
  176  9:32  Marine x2  
  176  9:36  Siege Tank  
  183  9:44  Planetary Fortress  
  183  9:45  Marine  
  183  9:46  Factory Tech Lab  
  183  9:47  Refinery  
  183  9:49  Starport  
  183  9:50  Barracks Reactor x2  
  184  10:04  Factory  
  184  10:06  Starport  
  184  10:07  Starport  
  184  10:11  Refinery  
  184  10:31  Siege Tank  
  184  10:32  Siege Tank  
  184  10:34  Starport Reactor  
  190  10:46  Viking x2  
  190  10:47  Starport Tech Lab x2  
  190  10:48  Factory Tech Lab  
  194  11:21  Supply Depot  
  194  11:22  Supply Depot  
Show
View Real Time Build Order
Export as new Build Order

A.I. 1 (Very Easy) Terran 

Build Orders:  

Get SALT Encoding   

  12  0:00  SCV  
  13  0:13  SCV  
  14  0:18  Supply Depot  
  14  0:36  Refinery  
  14  0:42  Barracks  
  14  1:03  Supply Depot  
  14  1:12  Refinery  
  14  1:29  Marine, SCV  
  16  1:41  SCV  
  17  1:53  SCV  
  18  1:59  Marine  
  19  2:05  SCV  
  20  2:17  SCV  
  21  2:29  Marine, SCV  
  23  2:42  Orbital Command  
  23  5:37  Marine, SCV  
  23  5:40  Supply Depot  
  23  5:41  Factory  
  25  6:01  SCV  
  26  6:05  Supply Depot  
  26  6:08  Barracks Tech Lab  
  26  6:13  SCV  
  24  6:26  SCV, Marauder  
  24  6:27  Starport  
  27  6:38  SCV  
  28  6:42  Command Center  
  28  6:57  Marine  
  29  7:04  Starport Tech Lab  
  29  7:25  Raven  
  29  7:28  Marine  
  32  7:56  SCV  
  33  7:58  Marine  
  33  7:59  Raven  
  33  8:03  SCV  
  33  8:04  Refinery  
  33  8:05  Refinery  
  37  8:10  SCV  
  38  8:17  SCV  
  39  8:24  SCV  
  40  8:31  SCV  
  41  8:39  SCV  
  42  8:46  SCV  
  43  8:53  SCV  
  44  9:00  SCV  
  45  9:07  SCV  
  46  9:14  SCV  
  47  9:21  SCV  
  48  9:29  SCV  
  49  9:36  SCV  
  50  10:34  Factory Tech Lab, Medivac  
  52  10:35  Supply Depot  
  52  10:40  Marine  
  45  10:54  SCV  
  34  11:01  Supply Depot  
  22  11:06  SCV  
Tags
 
Matchup
TvT
Race
Terran
Spawn Locations
Cross Positions
Add a new tag
Caveats
  • Supply blocks, unpowered buildings, or Contaminate may cause inaccurate times.
  • Supply counts are checked every 10 seconds.